 Dungeon Crawl Stone Soup version 0.20.0-8-g6b59dc7 (webtiles) character file.

317 Jannitor the Cudgeler (level 6, -1/39 HPs)
             Began as a Gargoyle Fighter on May 30, 2017.
             Killed by divine providence
             ... invoked by an orc priest
              (11 damage)
             ... on level 3 of the Dungeon.
             The game lasted 00:03:32 (2060 turns).

Jannitor the Cudgeler (Gargoyle Fighter)            Turns: 2060, Time: 00:03:32

Health: -1/39      AC: 11    Str: 18 (21) XL:     6   Next: 45%
Magic:  6/6        EV:  7    Int: 12 (14) God:
Gold:   89         SH:  9    Dex:  6 (9)  Spells: 5/5 levels left

rFire    . . .     SeeInvis .   a - +0 flail
rCold    . . .     Gourm    .   c - +0 shield
rNeg     + . .     Faith    .   n - +0 scale mail (curse)
rPois    ∞         Spirit   .   (no helmet)
rElec    +         Reflect  .   (no cloak)
rCorr    .         Harm     .   (no gloves)
MR       .....                  (no boots)
Stlth    ..........             (no amulet)
Regen    0.2/turn               (no ring)
MPRegen  0.1/turn               (no ring)

@: brilliant
A: negative energy resistance 1, electricity resistance, unbreathing,
petrification resistance, rot immunity, AC +4
a: no special abilities


You were on level 3 of the Dungeon.
You were very hungry.

You visited 1 branch of the dungeon, and saw 3 of its levels.

You collected 89 gold pieces.

Inventory:

Hand Weapons
 a - a +0 flail (weapon)
Armour
 b - a +0 scale mail
 c - a +0 shield (worn)
 n - a cursed +0 scale mail (worn)
Jewellery
 q - a +2 ring of slaying {unknown}
Scrolls
 g - 3 scrolls of fear {unknown}
 i - 4 scrolls of remove curse {unknown}
 j - 9 scrolls of identify {unknown}
 l - a scroll of enchant armour {unknown}
 o - a scroll of blinking {unknown}
 p - a scroll of teleportation {unknown}
Potions
 d - a potion of brilliance
 k - a potion of lignification
 m - a potion of degeneration
Comestibles
 f - 4 bread rations
 h - a royal jelly


   Skills:
 + Level 4.3 Fighting
 * Level 4.5 Maces & Flails
 + Level 4.5 Armour
 + Level 4.4 Shields


You had 5 spell levels left.
You didn't know any spells.

Dungeon Overview and Level Annotations

Branches:
Dungeon (3/15)

Altars:


Innate Abilities, Weirdness & Mutations

You are resistant to torment.
Your stone body is resilient. (AC +4)
You are immune to poison.
You resist negative energy. (rN+)
You are resistant to electric shocks. (rElec)
You can survive without breathing.
You are immune to petrification.
You are immune to rotting.


Message History

Your cursed +0 scale mail unmelds from your body.
You block the orc's attack.
The orc priest hits you but does no damage.
You block the orc's attack.
You hit the orc.
The orc is severely wounded.
You block the orc priest's attack. The orc hits you with a dagger.
* * * LOW HITPOINT WARNING * * *
Unknown command.
The orc priest looks satisfied for a moment.
Found a stone staircase leading down.
An ooze comes into view.
The ooze quivers.
You block the orc's attack.
The orc priest looks encouraged for a moment.
The orc priest calls upon Beogh to heal the orc.
The orc's wounds heal themselves!
The orc priest invokes the aid of Beogh against you.
Beogh smites you!
You die...

# #.##### ###.....########
.........o...o.# #.#
###...@######.## #.# #....# #..#
#.# #....# ##.#
#.###########....# #.##
#.##.......##....# #..#
#.##.#####.##.[..##### ##o##
#.##.# #......[.o..# #J.#
#....### ####.).)###.#####.######
...................)..o.........>


You could see an orc priest and an orc.

Vanquished Creatures
  Sigmund (D:3)
  An orc priest (D:3)
  An orc wizard (D:3)
  A gnoll (D:1)
  2 adders (D:2)
  2 worms (D:2)
  A leopard gecko (D:2)
  4 orcs
  A ball python (D:1)
  5 bats (D:1)
  3 giant cockroaches
  7 goblins
  10 hobgoblins
  4 jackals (D:2)
  5 kobolds
  2 frilled lizards
  9 rats
59 creatures vanquished.

Notes
Turn   | Place    | Note
-------+----------+-------------------------------------------
     0 | D:1      | Jannitor the Gargoyle Fighter began the quest for the Orb.
     0 | D:1      | Reached XP level 1. HP: 14/14 MP: 1/1
   160 | D:1      | Reached XP level 2. HP: 19/19 MP: 2/2
   410 | D:1      | Reached XP level 3. HP: 23/23 MP: 3/3
  1018 | D:2      | Reached XP level 4. HP: 21/29 MP: 4/4
  1917 | D:3      | Noticed Sigmund
  1925 | D:3      | Killed Sigmund
  1925 | D:3      | Reached XP level 5. HP: 31/33 MP: 5/5
  1925 | D:3      | Reached XP level 6. HP: 36/38 MP: 6/6
  2060 | D:3      | Killed from afar by an orc priest

Skill      XL: |  1  2  3  4 |
---------------+-------------+-----
Maces & Flails | 3 4 |  4.5
Fighting       | 4 |  4.3
Armour         | 4 |  4.5
Shields        | 4 |  4.4

Action                   |  1- 3 |  4- 6 || total
-------------------------+-------+-------++-------
Melee: Flail             |    98 |   115 ||   213
  Use: Potion            |       |     6 ||     6
  Eat: Chunk             |       |     3 ||     3
Armor: Scale mail        |    64 |    49 ||   113
       Skin              |       |    17 ||    17
Dodge: Dodged            |    31 |    37 ||    68
Block: Shield            |    60 |    55 ||   115
